NWL (28 & UNDER)
RED DEER WRANGLERS @ SAN DIEGO SMASHERS
07/04/2024
 
TOP OF THE 1ST
Red Deer Wranglers batting - Pitching for San Diego Smashers : RHP Rafael Blanco
Pitching: RHP Rafael Blanco
Batting: LHB Enrico Vargas 0-0: Called Strike
0-1: SINGLE (Line Drive, 9S)
Batting: RHB Carlos Peña 0-0: Called Strike
0-1: Swinging Strike
0-2: Ball
1-2: Strikes out swinging
Batting: RHB Todd Bryant 0-0: Ball
1-0: Ground out 6-3 (Groundball, 6M)
Enrico Vargas to second
Batting: LHB Ron Mayes 0-0: Foul Ball, location: 2F
0-1: Swinging Strike
0-2: Ball
1-2: Ball
2-2: Ground out 4-3 (Groundball, 4)
Top of the 1st over - 0 run(s), 1 hit(s), 0 error(s), 1 left on base; Red Deer 0 - San Diego 0
BOTTOM OF THE 1ST
San Diego Smashers batting - Pitching for Red Deer Wranglers : RHP Ray Kimball
Pitching: RHP Ray Kimball
Batting: RHB Jorge Collazo 0-0: SINGLE (Groundball, 15S) (infield hit)
Batting: SHB Adrián Nieto 0-0: Called Strike
0-1: Ball
1-1: Ball
Jorge Collazo steals 2nd base
2-1: Ball
3-1: Foul Ball, location: 2F
3-2: Base on Balls
Batting: LHB Noriaki Sangi 0-0: Ball
1-0: Ball
2-0: Ball
3-0: Base on Balls
Jorge Collazo to third
Adrián Nieto to second
Batting: LHB Jeffrey Bascombe 0-0: Foul Ball, location: 2F
0-1: Swinging Strike
0-2: Ball
1-2: Foul Ball, location: 2F
1-2: Foul Ball, location: 2F
1-2: Ball
2-2: GRAND SLAM HOME RUN (Line Drive, 7D), Distance : 360 ft
Batting: RHB Francisco Castillo 0-0: Ball
1-0: Ball
2-0: Ball
3-0: Called Strike
3-1: Swinging Strike
3-2: Base on Balls
Batting: RHB Iván De Jesús 0-0: Ball
1-0: Foul Ball, location: 2F
1-1: Fly out, F8 (Flyball, 8RD)
Batting: SHB Brian Price 0-0: Ball
1-0: Called Strike
1-1: Ball
2-1: Ball
3-1: Called Strike
3-2: Foul Ball, location: 2F
3-2: Base on Balls
Francisco Castillo to second
Batting: SHB Chris Hall 0-0: Ball
1-0: Foul Ball, location: 2F
1-1: Ball
2-1: Ball
3-1: Base on Balls
Francisco Castillo to third
Brian Price to second
Batting: RHB Peter Bryant 0-0: Fly out, F3 (Popup, 3SF)
Batting: RHB Jorge Collazo 0-0: Ball
1-0: Ball
2-0: Ball
3-0: Called Strike
3-1: Called Strike
3-2: Strikes out swinging
Bottom of the 1st over - 4 run(s), 2 hit(s), 0 error(s), 3 left on base; Red Deer 0 - San Diego 4
TOP OF THE 2ND
Red Deer Wranglers batting - Pitching for San Diego Smashers : RHP Rafael Blanco
Batting: RHB Paul Swift 0-0: Called Strike
0-1: Fly out, F8 (Flyball, 8RM)
Batting: LHB Jorge Olvera 0-0: Ball
1-0: Ground out 4-3 (Groundball, 4)
Batting: LHB Andrew Veeck 0-0: Swinging Strike
0-1: Foul Ball, location: 2F
0-2: Strikes out swinging
Top of the 2nd over - 0 run(s), 0 hit(s), 0 error(s), 0 left on base; Red Deer 0 - San Diego 4
BOTTOM OF THE 2ND
San Diego Smashers batting - Pitching for Red Deer Wranglers : RHP Ray Kimball
Batting: SHB Adrián Nieto 0-0: Swinging Strike
0-1: Ball
1-1: Ground out 6-3 (Groundball, 6)
Batting: LHB Noriaki Sangi 0-0: Ball
1-0: Ball
2-0: Foul Ball, location: 2F
2-1: Ball
3-1: Fly out, F9 (Flyball, 9LD)
Batting: LHB Jeffrey Bascombe 0-0: Ground out 5-3 (Groundball, 56S)
Bottom of the 2nd over - 0 run(s), 0 hit(s), 0 error(s), 0 left on base; Red Deer 0 - San Diego 4
TOP OF THE 3RD
Red Deer Wranglers batting - Pitching for San Diego Smashers : RHP Rafael Blanco
Batting: RHB John McDonald 0-0: Ball
1-0: Called Strike
1-1: Called Strike
1-2: Strikes out swinging
Batting: RHB Oliver Harris 0-0: Swinging Strike
0-1: Swinging Strike
0-2: Strikes out looking
Batting: LHB Enrico Vargas 0-0: Called Strike
0-1: Foul Ball, location: 2F
0-2: Ball
1-2: Fly out, F8 (Line Drive, 8RM)
Top of the 3rd over - 0 run(s), 0 hit(s), 0 error(s), 0 left on base; Red Deer 0 - San Diego 4
BOTTOM OF THE 3RD
San Diego Smashers batting - Pitching for Red Deer Wranglers : RHP Ray Kimball
Batting: RHB Francisco Castillo 0-0: Ball
1-0: Called Strike
1-1: Ball
2-1: Swinging Strike
2-2: Strikes out looking
Batting: RHB Iván De Jesús 0-0: Called Strike
0-1: Foul Ball, location: 2F
0-2: Strikes out swinging
Batting: SHB Brian Price 0-0: Called Strike
0-1: Swinging Strike
0-2: Foul Ball, location: 2F
0-2: Ball
1-2: Strikes out swinging
Bottom of the 3rd over - 0 run(s), 0 hit(s), 0 error(s), 0 left on base; Red Deer 0 - San Diego 4
TOP OF THE 4TH
Red Deer Wranglers batting - Pitching for San Diego Smashers : RHP Rafael Blanco
Batting: RHB Carlos Peña 0-0: SINGLE (Line Drive, 9LS)
Batting: RHB Todd Bryant 0-0: Ball
1-0: Foul Ball, location: 2F
1-1: Ball
2-1: Ball
3-1: Base on Balls
Carlos Peña to second
Batting: LHB Ron Mayes 0-0: Called Strike
0-1: Ball
1-1: Ball
2-1: DOUBLE (Line Drive, 9LM)
Carlos Peña scores
Todd Bryant to third
Batting: RHB Paul Swift 0-0: Called Strike
0-1: Ball
1-1: SINGLE (Line Drive, 8LS)
Todd Bryant scores
Ron Mayes to third
Runner from 3rd tries for Home, SAFE, throw made home
Paul Swift to second
Batting: LHB Jorge Olvera 0-0: Ball
1-0: Ball
2-0: Ball
3-0: Called Strike
3-1: Foul Ball, location: 2F
3-2: Strikes out swinging
Batting: LHB Andrew Veeck 0-0: Foul Ball, location: 2F
0-1: Swinging Strike
0-2: Strikes out swinging
Batting: RHB John McDonald 0-0: Called Strike
0-1: Called Strike
0-2: SINGLE (Line Drive, 34)
Paul Swift to third
Runner from 3rd tries for Home, SAFE, no throw or cutoff
Batting: RHB Oliver Harris 0-0: Foul Ball, location: 2F
0-1: Ball
1-1: DOUBLE (Groundball, 5L)
John McDonald to third
Runner from 3rd tries for Home, SAFE, no throw or cutoff
Batting: LHB Enrico Vargas 0-0: Ground out U3 (Groundball, 3S)
Top of the 4th over - 5 run(s), 5 hit(s), 0 error(s), 1 left on base; Red Deer 5 - San Diego 4
BOTTOM OF THE 4TH
San Diego Smashers batting - Pitching for Red Deer Wranglers : RHP Ray Kimball
Batting: SHB Chris Hall 0-0: Called Strike
0-1: Fly out, F5 (Popup, 5S)
Batting: RHB Peter Bryant 0-0: Foul Ball, location: 2F
0-1: Foul Ball, location: 2F
0-2: Ball
1-2: Strikes out looking
Batting: RHB Jorge Collazo 0-0: Called Strike
0-1: Ball
1-1: Foul Ball, location: 2F
1-2: Ball
2-2: Fly out, F9 (Flyball, 9M)
Bottom of the 4th over - 0 run(s), 0 hit(s), 0 error(s), 0 left on base; Red Deer 5 - San Diego 4
TOP OF THE 5TH
Red Deer Wranglers batting - Pitching for San Diego Smashers : RHP Rafael Blanco
Batting: RHB Carlos Peña 0-0: Called Strike
0-1: Ground out 3-1 (Groundball, 34)
Batting: RHB Todd Bryant 0-0: Called Strike
0-1: Ball
1-1: Fly out, F8 (Flyball, 8LD)
Batting: LHB Ron Mayes 0-0: Ball
1-0: Swinging Strike
1-1: Ball
2-1: Foul Ball, location: 2F
2-2: SINGLE (Groundball, 6M)
Batting: RHB Paul Swift 0-0: Called Strike
0-1: Called Strike
0-2: SINGLE (Groundball, 4)
Ron Mayes to second
Ron Mayes to third
Batting: LHB Jorge Olvera 0-0: Foul Ball, location: 2F
0-1: Foul Ball, location: 2F
0-2: Strikes out looking
Top of the 5th over - 0 run(s), 2 hit(s), 0 error(s), 2 left on base; Red Deer 5 - San Diego 4
BOTTOM OF THE 5TH
San Diego Smashers batting - Pitching for Red Deer Wranglers : RHP Ray Kimball
Batting: SHB Adrián Nieto 0-0: Swinging Strike
0-1: Called Strike
0-2: Ground out 4-3 (Groundball, 13)
Batting: LHB Noriaki Sangi 0-0: Ball
1-0: Ball
2-0: Ball
3-0: Called Strike
3-1: Foul Ball, location: 2F
3-2: Base on Balls
Batting: LHB Jeffrey Bascombe 0-0: Called Strike
0-1: Ball
1-1: 2-RUN HOME RUN (Flyball, 9D), Distance : 380 ft
Batting: RHB Francisco Castillo 0-0: Ball
1-0: Ball
2-0: Called Strike
2-1: Ball
3-1: Base on Balls
Pitching: RHP Jeffery Lockhart
Batting: RHB Iván De Jesús 0-0: Called Strike
0-1: Ball
1-1: Foul Ball, location: 2F
1-2: Foul Ball, location: 2F
1-2: Ball
2-2: Ball
3-2: Fly out, F7 (Flyball, 7M)
Batting: SHB Brian Price 0-0: SINGLE (Line Drive, 8LS)
Francisco Castillo to second
Batting: SHB Chris Hall 0-0: Fly out, F7 (Flyball, 78M)
Bottom of the 5th over - 2 run(s), 2 hit(s), 0 error(s), 2 left on base; Red Deer 5 - San Diego 6
TOP OF THE 6TH
Red Deer Wranglers batting - Pitching for San Diego Smashers : RHP Rafael Blanco
Batting: LHB Andrew Veeck 0-0: Ball
1-0: DOUBLE (Groundball, 3L)
Batting: RHB John McDonald 0-0: Ground out 5-3 (Groundball, 5)
Batting: RHB Oliver Harris 0-0: Called Strike
0-1: Swinging Strike
0-2: Ball
1-2: Fly out, F9 (Flyball, 9D)
Runner from 2nd tags up, SAFE at 3rd, no throw
Batting: LHB Enrico Vargas 0-0: Foul Ball, location: 2F
0-1: Ground out 4-3 (Groundball, 4)
Top of the 6th over - 0 run(s), 1 hit(s), 0 error(s), 1 left on base; Red Deer 5 - San Diego 6
BOTTOM OF THE 6TH
San Diego Smashers batting - Pitching for Red Deer Wranglers : RHP Jeffery Lockhart
Batting: RHB Peter Bryant 0-0: Called Strike
0-1: Called Strike
0-2: Ball
1-2: Ball
2-2: Strikes out swinging
Batting: RHB Jorge Collazo 0-0: Foul Ball, location: 2F
0-1: Foul Ball, location: 2F
0-2: Strikes out swinging
Batting: SHB Adrián Nieto 0-0: Ball
1-0: Ball
2-0: Ball
3-0: Called Strike
3-1: Called Strike
3-2: SINGLE (Groundball, 34D)
Batting: LHB Noriaki Sangi 0-0: Ball
1-0: Swinging Strike
1-1: Ball
2-1: Ball
3-1: Base on Balls
Adrián Nieto to second
Batting: LHB Jeffrey Bascombe 0-0: Foul Ball, location: 2F
0-1: Ball
1-1: Ball
2-1: Ball
3-1: Base on Balls
Adrián Nieto to third
Noriaki Sangi to second
Pitching: RHP Daniel Recchi
Batting: RHB Francisco Castillo 0-0: Called Strike
0-1: Ball
1-1: Ball
2-1: GRAND SLAM HOME RUN (Line Drive, 7LD), Distance : 328 ft
Batting: RHB Iván De Jesús 0-0: Ball
1-0: Ball
2-0: Ball
3-0: Base on Balls
Batting: SHB Brian Price 0-0: Called Strike
0-1: Ground out 5-3 (Groundball, 56)
Bottom of the 6th over - 4 run(s), 2 hit(s), 0 error(s), 1 left on base; Red Deer 5 - San Diego 10
TOP OF THE 7TH
Red Deer Wranglers batting - Pitching for San Diego Smashers : RHP Rafael Blanco
Batting: RHB Carlos Peña 0-0: Called Strike
0-1: Ball
1-1: Reached on error, E5 (Groundball, 56)
Batting: RHB Todd Bryant 0-0: Called Strike
0-1: Ball
1-1: Ball
2-1: Foul Ball, location: 2F
2-2: Foul Ball, location: 2F
2-2: Foul Ball, location: 2F
2-2: Foul Ball, location: 2F
2-2: Foul Ball, location: 2F
2-2: Ball
3-2: Base on Balls
Pitching: RHP Luis Trevino
Batting: LHB Ron Mayes 0-0: Called Strike
Passed Ball!
Carlos Peña to third
Todd Bryant to second
0-1: Ball
1-1: Foul Ball, location: 2F
1-2: Foul Ball, location: 2F
1-2: Ball
Wild Pitch!
Carlos Peña scores
Todd Bryant to third
2-2: Strikes out looking
Batting: RHB Paul Swift 0-0: Ground out 4-3 (Groundball, 4M)
Todd Bryant scores
Batting: LHB Jorge Olvera 0-0: Hit by Pitch
Batting: LHB Andrew Veeck 0-0: Ball
Jorge Olvera steals 2nd base
1-0: Ball
2-0: Ball
3-0: Called Strike
3-1: Foul Ball, location: 2F
3-2: Fly out, F7 (Flyball, 7M)
Top of the 7th over - 2 run(s), 0 hit(s), 1 error(s), 1 left on base; Red Deer 7 - San Diego 10
BOTTOM OF THE 7TH
San Diego Smashers batting - Pitching for Red Deer Wranglers : RHP Daniel Recchi
Batting: SHB Chris Hall 0-0: Fly out, F7 (Popup, 7S)
Batting: RHB Peter Bryant 0-0: Foul Ball, location: 2F
0-1: Ball
1-1: Called Strike
1-2: Ball
2-2: Foul Ball, location: 2F
2-2: Foul Ball, location: 2F
2-2: Strikes out swinging
Batting: RHB Jorge Collazo 0-0: Foul Ball, location: 2F
0-1: Swinging Strike
0-2: Strikes out looking
Bottom of the 7th over - 0 run(s), 0 hit(s), 0 error(s), 0 left on base; Red Deer 7 - San Diego 10
TOP OF THE 8TH
Red Deer Wranglers batting - Pitching for San Diego Smashers : RHP Luis Trevino
Batting: RHB John McDonald 0-0: Foul Ball, location: 2F
0-1: Called Strike
0-2: Strikes out swinging
Batting: RHB Oliver Harris 0-0: Ball
1-0: Fly out, F5 (Popup, 5F)
Batting: LHB Enrico Vargas 0-0: Ball
1-0: Ball
2-0: Ball
3-0: Base on Balls
Pitching: RHP Cedric Sherston
Batting: RHB Carlos Peña 0-0: Ball
1-0: Ball
2-0: Ball
3-0: Called Strike
3-1: Foul Ball, location: 2F
3-2: Foul Ball, location: 2F
3-2: Base on Balls
Enrico Vargas to second
Batting: RHB Todd Bryant 0-0: Ball
1-0: Called Strike
1-1: Ball
2-1: Ground out 5-3 (Groundball, 15S)
Top of the 8th over - 0 run(s), 0 hit(s), 0 error(s), 2 left on base; Red Deer 7 - San Diego 10
BOTTOM OF THE 8TH
San Diego Smashers batting - Pitching for Red Deer Wranglers : RHP Daniel Recchi
Batting: SHB Adrián Nieto 0-0: Ball
1-0: Swinging Strike
1-1: Swinging Strike
1-2: Ball
2-2: Ball
3-2: Strikes out swinging
Batting: LHB Noriaki Sangi 0-0: Foul Ball, location: 2F
0-1: Foul Ball, location: 2F
0-2: Ground out 3-1 (Groundball, 34)
Batting: LHB Jeffrey Bascombe 0-0: Ball
1-0: Swinging Strike
1-1: Called Strike
1-2: DOUBLE (Flyball, 78D)
Batting: RHB Francisco Castillo 0-0: Ball
1-0: Called Strike
1-1: Called Strike
1-2: Foul Ball, location: 2F
1-2: Foul Ball, location: 2F
1-2: Ball
2-2: Ball
3-2: Base on Balls
Pitching: RHP Esteban Castro
Batting: RHB Iván De Jesús 0-0: Fielders Choice at 2nd, U6 (Groundball, 6M)
Bottom of the 8th over - 0 run(s), 1 hit(s), 0 error(s), 2 left on base; Red Deer 7 - San Diego 10
TOP OF THE 9TH
Red Deer Wranglers batting - Pitching for San Diego Smashers : RHP Cedric Sherston
Pitching: RHP Pepe Guillén
Batting: LHB Ron Mayes 0-0: Called Strike
0-1: Swinging Strike
0-2: Ball
1-2: Strikes out swinging
Batting: RHB Paul Swift 0-0: Foul Ball, location: 2F
0-1: Ground out 4-3 (Groundball, 4M)
Batting: LHB Jorge Olvera 0-0: Ball
1-0: Ball
2-0: Foul Ball, location: 2F
2-1: Swinging Strike
2-2: Strikes out looking
Top of the 9th over - 0 run(s), 0 hit(s), 0 error(s), 0 left on base; Red Deer 7 - San Diego 10
This league is powered by Out of the Park Baseball, the baseball management simulation game for PC, Mac and Linux
Saturday, April 9th, 2016 - OOTP Baseball 16.8 Build 38